Description

PvT grandmaster adepts w/ stalkers on the follow up & robo bay for easy midgame transition

Build Order

Get SALT Encoding   

  13  0:00  Probe  
  14  0:11  Probe  
  14  0:18  Pylon  
  15  0:22  Probe  
  16  0:36  Gateway, Probe  
  17  0:46  Probe  
  17  0:47  Assimilator  
  18  0:57  Probe  
  19  1:07  Probe  
  19  1:20  Nexus  
  20  1:24  Probe  
  20  1:34  Cybernetics Core  
  21  1:36  Probe  
  21  1:43  Assimilator  
  22  1:47  Probe  
  22  1:52  Pylon  
  23  1:57  Probe  
  23  2:10  Probe, Warp Gate, Adept  
  27  2:23  Probe  
  27  2:34  Adept  
  29  2:41  Mothership Core  
  30  2:52  Probe  
  29  3:00  Probe  
  29  3:04  Probe  
  31  3:10  Probe, Adept  
  32  3:19  Gateway  
  32  3:20  Gateway, Probe  
  35  3:33  Adept  
  32  3:40  Pylon  
  32  3:42  Probe  
  33  4:07  Robotics Facility  
  35  4:10  Stalker  
  35  4:14  Pylon  
  36  4:16  Stalker  
  38  4:26  Stalker  
  40  4:34  Stalker  
  42  4:43  Pylon  
  42  4:46  Stalker  
Spawning Tool Build Advisor. Get it on Overwolf

Go to:

Details

  • Created by: sackzii
  • Published on: Feb 04, 2017
  • Modified on: Feb 04, 2017
  • Patch: 3.8.0
Show
View Real Time Build Order
Export as new Build Order

Comments (0)

There are no comments. Be the first!

Create an account to comment!